 Dungeon Crawl Stone Soup version 0.31-a0-233-g139696dc86 (webtiles) character file.

Game seed: 12339173609384515692

1593 qw the Skirmisher (level 8, -2/49 HPs)
             Began as a Gargoyle Hexslinger on July 7, 2023.
             Was a Follower of Okawaru.
             Slain by a wight
             ... wielding a +1 spear
              (5 damage)
             ... on level 6 of the Dungeon.
             The game lasted 00:02:06 (4677 turns).

qw the Skirmisher (Gargoyle Hexslinger)             Turns: 4677, Time: 00:02:07

Health: -2/49      AC: 16    Str: 11    XL:     8   Next: 93%
Magic:  9/11       EV: 13    Int: 15    God:    Okawaru [*.....]
Gold:   170        SH:  0    Dex: 14    Spells: 8/9 levels left

rFire   . . .        Y - +0 shortbow
rCold   . . .        (shield currently unavailable)
rNeg    + . .        a - +0 ring mail
rPois   inf          k - +0 helmet
rElec   +            p - +0 cloak
rCorr   .            b - +0 pair of gloves
SInv    .            (no boots)
Will    .....        e - amulet of regeneration
Stlth   ++           h - +4 ring of slaying {mikee}
HPRegen 1.08/turn    (no ring)
MPRegen 0.12/turn

%: no passive effects
@: heroic
A: sickness immunity, AC +5, negative energy resistance 1, electricity
resistance, torment resistance 1, petrification resistance
a: Renounce Religion, Heroism


You were on level 6 of the Dungeon.
You worshipped Okawaru.
Okawaru was aware of your devotion.
You visited 2 branches of the dungeon, and saw 7 of its levels.

You collected 170 gold pieces.


Innate Abilities, Weirdness & Mutations

You are immune to sickness and miasma.
Your stone body is resilient. (AC +5)
You are immune to poison.
You resist negative energy. (rN+)
You are resistant to electric shocks. (rElec)
You are resistant to unholy torment.
You are immune to petrification.


   Skills:
 - Level 5.2(10.2) Fighting
 + Level 8.8(13.8) Ranged Weapons
 - Level 2.8(7.8) Armour
 - Level 1.5(6.5) Dodging
 - Level 1.0 Spellcasting
 - Level 2.6 Hexes
 - Level 4.0 Invocations


You had 8 spell levels left.
You knew the following spells:

 Your Spells              Type           Power      Damage    Failure   Level
a - Slow                  Hex            32%        N/A       17%         1

Your spell library contained the following spells:

 Spells                   Type           Power      Damage    Failure   Level
 Inner Flame              Hex/Fire       4%         N/A       65%         3
 Portal Projectile        Hex/Tloc       8%         N/A       65%         3
 Cause Fear               Hex            4%         N/A       86%         4

Inventory:

Hand Weapons
 Y - a +0 shortbow (weapon)
Armour
 a - a +0 ring mail (worn)
 b - a +0 pair of gloves (worn)
 k - a +0 helmet (worn)
 p - a +0 cloak (worn)
Jewellery
 e - an amulet of regeneration (around neck)
 g - an amulet of reflection
 h - a +4 ring of slaying (left hand) {mikee}
Scrolls
 f - a scroll of identify
 o - a scroll of enchant armour {unknown}
Potions
 c - a potion of berserk rage {unknown}
 d - a potion of mutation {unknown}
 i - a potion of attraction {unknown}
 l - a potion of haste {unknown}
 m - a potion of enlightenment {unknown}
 n - a potion of ambrosia {unknown}

Dungeon Overview and Level Annotations

Branches:
Dungeon (6/15)             Temple (1/1) D:5

Altars:
Ashenzari
Cheibriados
Dithmenos
Elyvilon
Fedhas
Gozag
Hepliaklqana
Kikubaaqudgha
Makhleb
Nemelex Xobeh
Okawaru
Qazlal
Sif Muna
Uskayaw
Wu Jian
Xom
Yredelemnul
Zin
The Shining One

Shops:
D:1 =   D:5 (

Annotations:
D:3 1 runed translucent door, qw's ghost, amateur GrHs
D:5 1 runed translucent door, Crazy Yiuf


Message History

The wight hits you but does no damage. The gnoll misses you.
Something hits you but does no damage.
You shoot an arrow. The arrow barely misses the gnoll.
The gnoll hits you but does no damage. The wight misses you.
You hear some strange, mumbled words.
A magic dart appears from out of thin air!
The magic dart hits you.
You shoot an arrow. The arrow hits the gnoll.
The gnoll is moderately wounded.
The wight hits you but does no damage. The gnoll hits you with a +0 spear.
Something hits you but does no damage.
You shoot an arrow. The arrow hits the gnoll!
You kill the gnoll!
Okawaru accepts your kill.
You shoot an arrow.
The arrow hits the wight but does no damage.
An orc wizard appears from thin air!
Reactivating autopickup.
The wight hits you but does no damage.
A gnoll comes into view. It is wielding a +0 spear.
The orc wizard points at you and mumbles some strange words.
The puff of flame misses you.
You shoot an arrow. The arrow barely misses the orc wizard.
The wight misses you. The gnoll closely misses you. The orc wizard misses you.
You shoot an arrow.
The arrow hits the orc wizard but does no damage.
The orc wizard is almost dead.
The gnoll closely misses you. The wight closely misses you.
The orc wizard casts a spell at you. You resist with some effort.
You shoot an arrow.
The arrow closely misses the orc wizard.
The wight barely misses you. The gnoll hits you with a +0 spear!
The orc wizard casts a spell.
The orc wizard flickers and vanishes!
Deactivating autopickup; reactivate with Ctrl-A.
You shoot an arrow. The arrow hits the gnoll!
The gnoll is heavily wounded.
The wight hits you from afar with a +1 spear.
You die...

o# #... #~~~~~#
..##.z. #~.#.~# #.#
....... #.###.# #.#
....... #~.#.~# #.#
..... #~~.~~# #.#
.oz#####'### #.#
#.z# #..# #.#
####g###.#########.#
#..@{.?....##.......
#..........##(####.#
#.........<##.# ##.#
#..........##.###%.#
###...#######.#...##
#....#....#.......
#....).....>..####
#...##....>...[...
#...##....########


You could see a wight and a gnoll.

Vanquished Creatures
  Grinder (D:6)
  3 black bears
  An ice beast (D:5)
  An ogre (D:3)
  2 centaurs
  A bullfrog (D:6)
  3 wights (D:6)
  2 hounds
  A jelly (D:5)
  2 orc priests
  A gnoll bouda (D:6)
  2 iguanas
  A sleepcap (D:6)
  Ijyb (D:5)
  3 orc wizards
  6 gnolls
  4 adders
  A white imp (D:5)
  4 dart slugs
  10 orcs
  4 bats
  5 endoplasms
  5 giant cockroaches
  8 goblins
  8 hobgoblins
  8 jackals
  5 quokkas
  4 ball pythons
  A frilled lizard (D:1)
  14 kobolds
  7 rats
119 creatures vanquished.

Vanquished Creatures (others)
  An orc wizard (D:4)
1 creature vanquished.

Grand Total: 120 creatures vanquished

Notes
Turn   | Place    | Note
-------+----------+-------------------------------------------
     0 | D:1      | qw the Gargoyle Hexslinger began the quest for the Orb.
     0 | D:1      | Reached XP level 1. HP: 12/12 MP: 2/2
     0 | D:1      | 0 ||| qw: Version: 0.3-a-46-gb1f654a
     0 | D:1      | 0 ||| qw: Game counter: 3172
     0 | D:1      | 0 ||| qw: Melee chars always use a shield: true
     0 | D:1      | 0 ||| qw: God list: Okawaru
     0 | D:1      | 0 ||| qw: Allow faded altars: false
     0 | D:1      | 0 ||| qw: Do Orc after clearing Dungeon:15 true
     0 | D:1      | 0 ||| qw: Do second Lair branch before Depths: true
     0 | D:1      | 0 ||| qw: Lair rune preference: random
     0 | D:1      | 0 ||| qw: Goals: Normal
     0 | D:1      | 0 ||| PLANNING D:1-11
   319 | D:1      | Found Iciejupp's Jewellery Shoppe.
   330 | D:1      | 330 ||| SHOPLISTING +6 ring of dexterity (396 gold, have
                  | 25).
   330 | D:1      | 330 ||| SHOPLISTING amulet of reflection (330 gold, have
                  | 25).
   330 | D:1      | 330 ||| SHOPLISTING ring of fire (275 gold, have 25).
   330 | D:1      | 330 ||| SHOPLISTING ring of protection from fire (275 gold,
                  | have 25).
   330 | D:1      | 330 ||| SHOPLISTING ring of see invisible (165 gold, have
                  | 25).
   334 | D:1      | Reached XP level 2. HP: 16/16 MP: 3/3
   462 | D:1      | Reached skill level 3 in Ranged Weapons
   612 | D:1      | 612 ||| UPGRADING to amulet of regeneration.
   617 | D:1      | 617 ||| DROPPING amulet of magic regeneration.
   618 | D:1      | 618 ||| DROPPING scroll of poison.
   743 | D:2      | Reached XP level 3. HP: 19/21 MP: 4/4
   872 | D:2      | 872 ||| FLEEEEING.
  1028 | D:2      | Reached XP level 4. HP: 26/26 MP: 5/5
  1516 | D:2      | 1516 ||| UPGRADING to +0 pair of gloves.
  1521 | D:2      | 1521 ||| UPGRADING to +0 leather armour.
  1531 | D:2      | 1531 ||| DROPPING +0 robe.
  1532 | D:2      | 1532 ||| UPGRADING to +0 helmet.
  1537 | D:2      | 1537 ||| UPGRADING to +4 ring of slaying {mikee}.
  1538 | D:2      | 1538 ||| READING scroll labelled XUUMYNG NAUHUFAR.
  1539 | D:2      | 1539 ||| READING scroll labelled PEDGHO GAITIETO.
  1597 | D:3      | Reached skill level 4 in Ranged Weapons
  1653 | D:3      | Found a runed translucent door.
  1653 | D:3      | Noticed qw's ghost (amateur GrHs)
  1784 | D:3      | Found a shadowy altar of Dithmenos.
  1947 | D:3      | Found a faded altar of an unknown god.
  2040 | D:3      | Found a stormy altar of Qazlal.
  2497 | D:3      | 2497 ||| UPGRADING to +0 ring mail.
  2507 | D:3      | 2507 ||| DROPPING +0 leather armour.
  2508 | D:3      | 2508 ||| READING scroll labelled QUPSIVUSEO.
  2581 | D:4      | Noticed an ogre
  2586 | D:4      | 2586 ||| STAIRDANCE
  2589 | D:3      | Killed an ogre
  2590 | D:3      | Reached XP level 5. HP: 18/30 MP: 6/6
  2693 | D:4      | Reached skill level 5 in Ranged Weapons
  2693 | D:4      | Reached XP level 6. HP: 29/35 MP: 7/7
  2753 | D:4      | Found a sparkling altar of Nemelex Xobeh.
  3026 | D:4      | Found a shimmering blue altar of Sif Muna.
  3080 | D:4      | Reached skill level 3 in Fighting
  3140 | D:4      | 3140 ||| READING scroll labelled YNEIQA XICI.
  3165 | D:5      | Entered Level 5 of the Dungeon
  3175 | D:5      | Noticed an ice beast
  3191 | D:5      | Killed an ice beast
  3254 | D:5      | Found a staircase to the Ecumenical Temple.
  3255 | D:5      | 3255 ||| PLANNING TEMPLE
  3259 | D:5      | Noticed a black bear
  3260 | D:5      | 3260 ||| Stepping ~*~*~tactically~*~*~ (water).
  3271 | D:5      | Killed a black bear
  3272 | D:5      | Reached skill level 6 in Ranged Weapons
  3272 | D:5      | Reached XP level 7. HP: 41/41 MP: 8/8
  3276 | Temple   | Entered the Ecumenical Temple
  3276 | Temple   | Found a transporter.
  3276 | Temple   | Found a transporter.
  3278 | Temple   | Found a transporter.
  3278 | Temple   | Found a transporter.
  3288 | Temple   | 3288 ||| PLANNING D:1-11
  3291 | Temple   | 3291 ||| PLANNING OKAWARU WORSHIP
  3295 | Temple   | Became a worshipper of Warmaster Okawaru
  3296 | Temple   | 3296 ||| PLANNING D:1-11
  3516 | D:5      | Found a runed translucent door.
  3517 | D:5      | Noticed Crazy Yiuf
  3696 | D:5      | Noticed Ijyb
  3715 | D:5      | Killed Ijyb
  3857 | D:5      | Found Lixo Kij's Weapon Emporium.
  4071 | D:5      | Reached skill level 7 in Ranged Weapons
  4173 | D:5      | 4173 ||| SWAPPING to +0 shortbow.
  4174 | D:5      | 4174 ||| DROPPING +1 sling.
  4370 | D:5      | 4370 ||| UPGRADING to +0 cloak.
  4375 | D:5      | 4375 ||| READING scroll labelled SUTAEM KOGUIDA.
  4376 | D:5      | 4376 ||| DRINKING 2 red potions.
  4377 | D:5      | 4377 ||| DRINKING 3 yellow potions.
  4506 | D:6      | Noticed Grinder
  4515 | D:6      | Paralysed by Grinder for 3 turns
  4520 | D:6      | Reached XP level 8. HP: 20/48 MP: 9/9
  4521 | D:6      | Paralysed by Grinder for 4 turns
  4523 | D:6      | HP: 10/48 [centaur (5)]
  4525 | D:6      | 4525 ||| DRINKING potion of heal wounds.
  4527 | D:6      | Reached * piety under Okawaru
  4528 | D:6      | 4528 ||| INVOKING Heroism.
  4536 | D:6      | Killed Grinder
  4537 | D:6      | Reached skill level 8 in Ranged Weapons
  4584 | D:6      | 4584 ||| INVOKING Heroism.
  4595 | D:6      | 4595 ||| Stepping ~*~*~tactically~*~*~ (outnumbered).
  4604 | D:6      | Reached skill level 3 in Invocations
  4622 | D:6      | 4622 ||| DRINKING 2 potions of curing.
  4622 | D:6      | 4622 ||| (to cure confusion)
  4630 | D:6      | 4630 ||| DRINKING potion of curing.
  4630 | D:6      | 4630 ||| (to cure confusion)
  4641 | D:6      | 4641 ||| INVOKING Heroism.
  4660 | D:6      | 4660 ||| INVOKING Heroism.
  4666 | D:6      | HP: 5/49 [something/puff of flame (9)]
  4671 | D:6      | HP: 4/49 [gnoll/+0 spear[a gnoll bouda] (5)]
  4676 | D:6      | HP: 2/49 [gnoll/+0 spear[a gnoll bouda] (7)]
  4677 | D:6      | Slain by a wight

Levels and vault maps discovered:
D:1:      sevenhm_arrival_forest_fort_small_5, layout_basic, serial_shops, shop
D:2:      layout_basic, grunt_ministairs_11
D:3:      layout_basic, old_standard_altar, general_overflow_altar,
          gammafunk_ghost_grave, basic_ecumenical_altar, nrook_campfire
D:4:      layout_rooms, led_sif_book, nemelex_diamond_rough_becter,
          minmay_misc_feat_tiny
D:5:      layout_basic, minmay_temple_entry_mist, abandoned_shop,
          nicolae_inconvenience_store, uniq_ijyb, uniq_crazy_yiuf_cottage
D:6:      cheibrodos_fertilizer, layout_basic, kennysheep_generic_room_13,
          uniq_menkaure, uniq_grinder
Temple:   hellmonk_temple_divided_pantheon

Skill      XL: |  1  2  3  4  5  6  7  8 |
---------------+-------------------------+-----
Ranged Weapons | 3 4 5 6 7 8 |  8.8
Fighting       | 2 3 4 5 |  5.2
Armour         | 2 |  2.8
Invocations    | 4 |  4.0
Dodging        | |  1.5
Spellcasting   | |  1.0
Hexes          | |  2.6

Action                     |  1- 3 |  4- 6 |  7- 9 || total
---------------------------+-------+-------+-------++-------
   Fire: Sling             |   126 |   175 |    96 ||   397
         Shortbow          |       |       |   120 ||   120
 Invoke: Heroism           |       |       |     4 ||     4
    Use: Scroll            |       |     4 |     1 ||     5
         Potion            |       |       |     5 ||     5
 Armour: Robe              |    20 |       |       ||    20
         Leather armour    |       |     2 |       ||     2
         Ring mail         |       |    26 |   155 ||   181
  Dodge: Dodged            |    33 |    27 |   120 ||   180

Table legend:
 A = Non-vault XP
 B = Vault XP
 C = Vault XP percentage of total XP
 D = Non-vault monster count
 E = Vault monster count
 F = Vault count percentage of total count
                 A         B        C        D         E       F
            +---------+---------+-------+---------+---------+-------
      Total |    1913 |     363 |  15.9 |     114 |       6 |   5.0
            +---------+---------+-------+---------+---------+-------
        D:1 |      19 |       0 |   0.0 |      13 |       0 |   0.0
        D:2 |      66 |       3 |   4.3 |      31 |       2 |   6.1
        D:3 |     189 |       0 |   0.0 |      21 |       0 |   0.0
        D:4 |     122 |      38 |  23.8 |      13 |       2 |  13.3
        D:5 |     564 |      36 |   6.0 |      19 |       1 |   5.0
        D:6 |     953 |     286 |  23.1 |      17 |       1 |   5.6
            +---------+---------+-------+---------+---------+-------
